 Dungeon Crawl Stone Soup version 0.27-a0-1202-ge72e49191c (webtiles) character file.

Game seed: 9025239033055658764

167 Morbidden the Sneak (level 5, -2/26 HPs)
             Began as a Spriggan Brigand on June 2, 2021.
             Killed by nerve-wracking pain
             ... invoked by Grinder
              (10 damage)
             ... while paralysed by Grinder
             ... on level 3 of the Dungeon.
             The game lasted 00:03:07 (3216 turns).

Morbidden the Sneak (Spriggan Brigand)              Turns: 3216, Time: 00:03:08

Health: -2/26      AC:  3    Str:  7    XL:     5   Next: 23%
Magic:  9/9        EV:  4    Int: 14    God:
Gold:   166        SH:  0    Dex: 16    Spells: 8/8 levels left

rFire    . . .     SeeInvis +   a - +2 dagger
rCold    . . .     Faith    .   (shield restricted)
rNeg     . . .     Spirit   .   b - +0 robe
rPois    .         Reflect  .   (helmet restricted)
rElec    .         Harm     .   c - +0 cloak
rCorr    .         Rampage  .   (gloves unavailable)
Will     .....                  (boots unavailable)
Stlth    ++++......             (no amulet)
HPRegen  0.08/turn              (no ring)
MPRegen  0.11/turn              (no ring)

@: paralysed, very quick
A: very small, no large weapons, unfitting armour, see invisible, speed 3
a: no special abilities


You were on level 3 of the Dungeon.
You visited 1 branch of the dungeon, and saw 3 of its levels.

You collected 166 gold pieces.

Inventory:

Hand Weapons
 a - a +2 dagger (weapon)
 p - a +0 long sword
Missiles
 d - 13 poisoned darts (quivered)
 e - 2 curare-tipped darts
 o - 2 boomerangs
Armour
 b - a +0 robe (worn)
 c - a +0 cloak (worn)
Jewellery
 q - a ring of flight
Scrolls
 f - 3 scrolls of fog {unknown}
 g - 2 scrolls of teleportation {unknown}
 l - a scroll of identify {unknown}
 m - a scroll of summoning {unknown}
 r - 3 scrolls of enchant armour {unknown}
Potions
 h - 2 potions of might {unknown}
 i - a potion of haste {unknown}
 j - a potion of flight {unknown}
 k - 3 potions of curing {unknown}
 n - 2 potions of lignification {unknown}


   Skills:
 * Level 2.1 Fighting
 * Level 3.1 Short Blades
 + Level 2.3 Throwing
 * Level 3.1 Dodging
 + Level 7.3 Stealth
 * Level 2.2 Spellcasting


You had 8 spell levels left.
You didn't know any spells.
Your spell library was empty.

Dungeon Overview and Level Annotations

Branches:
Dungeon (3/15)

Altars:
Sif Muna
Yredelemnul

Annotations:
D:3 Grinder


Innate Abilities, Weirdness & Mutations

You are very small and have problems with some larger weapons.
You are too small for most types of armour.
You have supernaturally acute eyesight. (SInv)
You cover ground extremely quickly. (Speed+++)


Message History

The jackal misses you.
A jackal is nearby!
You hit the jackal.
You kill the jackal!
r - 3 scrolls labelled XEMUABB DIYCIRGHO No target in view!
You open the door.
Found a shimmering blue altar of Sif Muna.
No target in view!
There is an open door here.
Key pressed, stopping explore.
No target in view!
You enter the shallow water.
Moving in this stuff is going to be slow.
Key pressed, stopping explore.
No target in view!
No target in view!
There is an open door here.
There is a stone staircase leading up here.
Found 14 stones.
No target in view!
Grinder comes into view.
A bat comes into view.
Grinder is nearby!
Grinder shouts!
Grinder is nearby!
Grinder is nearby!
Grinder hits you.
You writhe in agony.
You barely miss Grinder. Grinder barely misses you.
You hit Grinder but do no damage. Grinder hits you!
You writhe in agony.
Unknown command.
There's nothing to close nearby.
You aren't carrying any items that you can evoke.
Unknown command.
Grinder gestures at you.
You suddenly lose the ability to move!
Grinder says, "FISH!"
Grinder gestures at you. Pain shoots through your body!
You die...

b...# .## .... ..
...... .# ......##.##
... .....# # ...
#..#.# .# #.###....#
.# #.##.@.#####.#
#.#.###..5...#########
#..## ##.#............
###.## #...###########
#...# ##......# #..
#.#.## ##..###.# ##.#
#.#..## ##...#
#.####...
#.#...###...##
#.#....#.
#.####....###
##.#.##...


You could see Grinder.

Vanquished Creatures
  An ogre (D:3)
  3 adders (D:2)
  2 worms (D:3)
  A dart slug (D:2)
  An orc (D:3)
  7 endoplasms
  A giant cockroach (D:1)
  3 goblins
  2 hobgoblins
  5 jackals
  5 ball pythons
  5 bats (D:1)
  3 frilled lizards
  3 kobolds
  5 rats
47 creatures vanquished.

Notes
Turn   | Place    | Note
-------+----------+-------------------------------------------
     0 | D:1      | Morbidden the Spriggan Brigand began the quest for the Orb.
     0 | D:1      | Reached XP level 1. HP: 10/10 MP: 2/2
   104 | D:1      | Reached skill level 6 in Stealth
   323 | D:1      | Reached XP level 2. HP: 15/15 MP: 3/3
   746 | D:1      | Found a faded altar of an unknown god.
   800 | D:1      | Reached skill level 1 in Spellcasting
  1641 | D:1      | Reached XP level 3. HP: 14/18 MP: 5/5
  1761 | D:2      | Found a basalt altar of Yredelemnul.
  2690 | D:3      | Reached XP level 4. HP: 23/23 MP: 7/7
  2815 | D:3      | Noticed an ogre
  2823 | D:3      | Killed an ogre
  2824 | D:3      | Reached skill level 7 in Stealth
  2824 | D:3      | Reached XP level 5. HP: 26/26 MP: 7/9
  3096 | D:3      | Found a shimmering blue altar of Sif Muna.
  3203 | D:3      | Noticed Grinder
  3215 | D:3      | Paralysed by Grinder for 7 turns
  3216 | D:3      | Killed from afar by Grinder

Illustrated notes

Levels and vault maps discovered:
D:1:      dpeg_arrival_long_road, layout_loops_corners,
          ebering_ecumenical_altar_hall
D:2:      layout_basic, basic_altar
D:3:      layout_loops_ring, led_sif_pool, minmay_misc_feat_square, uniq_grinder

Skill      XL: |  1  2  3  4 |
---------------+-------------+-----
Stealth        | 6 7 |  7.3
Spellcasting   | 1 2 |  2.2
Dodging        | 2 3 |  3.1
Fighting       | 2 |  2.1
Short Blades   | 3 |  3.1
Throwing       | |  2.3

Action                   |  1- 3 |  4- 6 || total
-------------------------+-------+-------++-------
Melee: Dagger            |   108 |    19 ||   127
Throw: Dart              |    14 |       ||    14
 Stab: Sleeping          |    10 |     4 ||    14
Armor: Robe              |    17 |     1 ||    18
Dodge: Dodged            |    75 |     8 ||    83

Table legend: (Time is in decaauts)
 A = Elapsed time spent in this place.
 B = Non-inter-level travel time spent in this place.
 C = Inter-level travel time spent in this place.
 D = Time resting spent in this place.
 E = Time spent auto-exploring this place.
 F = Levels seen in this place.
 G = Mean time per level.
                   A        B        C        D        E       F      G
               +--------+--------+--------+--------+--------+-----+--------+
         Total |   2335 |   2289 |     46 |     13 |   1959 |   3 |  778.3 |
       Dungeon |   2335 |   2289 |     46 |     13 |   1959 |   3 |  778.3 |
               +--------+--------+--------+--------+--------+-----+--------+

Top non-repeatable levels by time:
     D:1: 1317 daAuts
     D:2: 619 daAuts
     D:3: 397 daAuts
